Stars vs Sharks

Created - 18 février 2018 at 15:55

Goals
1 2 3 OT1 SO T
Stars 0 2 1 0 2 4
Sharks 2 1 0 0 1 3
Shots
1 2 3 OT1 SO T
Stars 11 14 14 3 4 42
Sharks 10 11 7 4 4 32

1st period

1. Sharks , Andrew Ladd 12 (Alec Martinez 19) at 14:44
2. Sharks , Nathan MacKinnon 15 (Alec Martinez 20) at 17:10

Penalties :
James Neal (SJS) for Interference (Minor) at 0:09, Jeff Petry (DAL) for Holding (Minor) at 2:45

2nd period

3. Stars , Anze Kopitar 22 (Ryan Suter 31, Milan Michalek 15) at 2:53 (PP)
4. Stars , Kevin Shattenkirk 3 (Loui Eriksson 35, Nick Bonino 19) at 4:38
5. Sharks , Nathan MacKinnon 16 (Brian Boyle 17, Andrew Ladd 13) at 11:02 (PP)

Penalties :
James Neal (SJS) for High sticking (Double Minor) at 0:06, Joni Pitkanen (DAL) for Tripping (Minor) at 10:10, Zach Bogosian (DAL) for Hooking (Minor) at 19:24

3rd period

6. Stars , Michael Grabner 23 (Zach Bogosian 26, Ryan Suter 32) at 11:20 (PP)

Penalties :
Andrew Ladd (SJS) for Slashing (Minor) at 10:24, James Neal (SJS) for Tripping (Minor) at 12:22

Overtime #1

No Goal

Penalties :
No Penalty

Shootout

Penalty Shot by Loui Eriksson for Stars - Stopped by Ray Emery
Penalty Shot by Jakob Silfverberg for Sharks - Goal!
Penalty Shot by Jeff Carter for Stars - Goal!
Penalty Shot by Henrik Zetterberg for Sharks - Stopped by Frederik Andersen
Penalty Shot by Milan Michalek for Stars - Shot Misses the Net
Penalty Shot by Marian Gaborik for Sharks - Stopped by Frederik Andersen
Penalty Shot by Michael Grabner for Stars - Goal!
Penalty Shot by Andrew Ladd for Sharks - Shot Misses the Net

Penalties :
No Penalty

Goalie Stats

Frederik Andersen (DAL), 29 saves from 32 shots - (0,906), W, 29-18-6, 65:00 minutes
Ray Emery (SJS), 39 saves from 42 shots - (0,929), OTL, 7-8-3, 65:00 minutes

Players Stats for Stars

Player Name              G  A  P  +/- PIM S  H  SB GA TA FO     MP     PP MP  PK MP  
------------------------------------------------------------------------------------
Alexander Killorn        0  0  0  -1  0   1  2  0  0  0  0/1    13:08   0:00   0:00 
Anze Kopitar             1  0  1  -1  0   6  2  0  0  0  12/29  23:31   4:47   0:00 
Brett Pesce              0  0  0   0  0   0  0  0  0  0  0/0    16:45   0:00   2:16 
Brian Flynn              0  0  0   0  0   1  0  0  0  0  0/1     2:25   0:00   1:43 
David Desharnais         0  0  0  -1  0   3  0  1  0  0  2/3    15:33   0:00   1:43 
Jeff Carter              0  0  0   1  0   4  1  0  0  0  15/30  23:11   2:54   0:00 
Jeff Petry               0  0  0   0  2   3  4  1  0  0  0/0    15:12   0:00   1:22 
Jim Slater               0  0  0   0  0   0  0  0  0  0  0/0     0:00   0:00   0:00 
Joel Eriksson Ek         0  0  0   0  0   0  0  0  0  0  0/0     0:00   0:00   0:00 
Joni Pitkanen            0  0  0   0  2   4  4  1  0  0  0/0    24:12   2:54   1:51 
Kevin Shattenkirk        1  0  1   0  0   4  0  0  0  0  0/0    21:29   2:54   0:12 
Loui Eriksson            0  1  1   1  0   6  0  0  0  0  0/1    21:19   2:54   0:00 
Michael Grabner          1  0  1  -1  0   3  0  0  0  0  0/0    23:28   4:47   0:00 
Milan Michalek           0  1  1  -1  0   3  0  0  0  0  0/2    24:37   4:47   3:07 
Nick Bonino              0  1  1   1  0   0  1  0  0  0  2/2    20:12   2:54   0:00 
Ryan Suter               0  2  2  -1  0   0  0  2  0  0  0/0    25:59   4:47   2:51 
Sean Monahan             0  0  0  -1  0   3  0  0  0  0  13/26  17:46   0:00   3:07 
Zach Bogosian            0  1  1  -1  2   1  6  0  0  0  0/0    21:20   4:47   1:08 

Players Stats for Sharks

Player Name              G  A  P  +/- PIM S  H  SB GA TA FO     MP     PP MP  PK MP  
------------------------------------------------------------------------------------
Alec Martinez            0  2  2   1  0   1  2  2  0  0  0/0    21:16   2:14   3:31 
Andrew Ladd              1  1  2   2  2   3  4  2  0  0  0/2    22:20   2:21   2:27 
Brian Boyle              0  1  1   2  0   1  3  0  0  0  15/28  19:21   2:21   0:00 
Colton Parayko           0  0  0   0  0   1  2  2  0  0  0/0    13:32   0:00   0:00 
Daniel Winnik            0  0  0   0  0   3  2  0  0  0  6/17   16:23   0:00   2:37 
Henrik Zetterberg        0  0  0  -1  0   5  0  1  0  0  18/27  24:12   2:29   4:54 
Jakob Silfverberg        0  0  0   0  0   1  0  0  0  0  0/1    14:06   0:00   0:20 
James Neal               0  0  0  -1  8   2  4  1  0  0  1/1    18:53   2:29   0:00 
Jared Cowen              0  0  0   0  0   0  0  0  0  0  0/0    14:25   0:00   0:00 
Jean-Gabriel Pageau      0  0  0   0  0   1  1  0  0  0  3/4     3:09   0:00   0:00 
Keith Ballard            0  0  0   0  0   0  0  0  0  0  0/0     0:00   0:00   0:00 
Marian Gaborik           0  0  0  -1  0   4  0  1  0  0  8/13   27:49   2:29   4:54 
Mark Letestu             0  0  0   0  0   0  0  0  0  0  0/0     3:09   0:00   0:00 
Michael Frolik           0  0  0   0  0   1  1  0  0  0  0/1    13:56   0:00   0:10 
Nathan MacKinnon         2  0  2   2  0   8  0  0  0  0  0/1    18:57   2:21   0:00 
Nikita Nikitin           0  0  0   0  0   0  0  3  0  0  0/0    26:53   2:36   4:10 
Rob Scuderi              0  0  0   0  0   1  4  1  0  0  0/0    27:22   2:36   4:10 
Seth Jones               0  0  0   1  0   0  0  0  0  0  0/0    21:32   2:14   3:31 

3 Stars

1 - Nathan MacKinnon (SJS)
2 - Andrew Ladd (SJS)
3 - Alec Martinez (SJS)

Power Play

Stars - 2 on 5 Attempt(s) - 40,00%
Sharks - 1 on 3 Attempt(s) - 33,33%

Penalty Kill

Stars - 2 on 3 Attempt(s) - 66,67% - Score 0 goal in Penalty Kill
Sharks - 3 on 5 Attempt(s) - 60,00% - Score 0 goal in Penalty Kill

Team Stat

Stars - Hits : 20 - Faceoff Wins : 44 - Blocked Shots : 5 - Penalty Minutes : 6
Sharks - Hits : 23 - Faceoff Wins : 51 - Blocked Shots : 13 - Penalty Minutes : 10

Official

Referees : Dave Lewis and Chris Rooney
Linesman : Pat Richardson and Devin Berg

Game Notes

No Game Note

Finance

Level 1 -- Attendance: 6000 (100,00%) -- Ticket Income 666 000 $
Level 2 -- Attendance: 4946 (98,92%) -- Ticket Income 316 544 $
Level 3 -- Attendance: 2000 (100,00%) -- Ticket Income 96 000 $
Level 4 -- Attendance: 3848 (96,20%) -- Ticket Income 111 592 $
Luxury Box -- Attendance: 1483 (100,00%) -- Ticket Income 348 505 $
Game was played at the HP Pavillion.
Total Attendance: 18277 (98,89%)
Total Ticket Income: 1 538 641 $
Other Income: 753 934 $
Total Income: 2 292 575 $

Stars

5 vs 5 Forward 
   Center                   Left Wing                Right Wing               Time % Phy DF OF 
 1 Jeff Carter              Nick Bonino              Loui Eriksson            34     0   1  4  
 2 Anze Kopitar             Milan Michalek           Michael Grabner          33     0   1  4  
 3 Sean Monahan             Alexander Killorn        David Desharnais         27     0   3  2  
 4 Sean Monahan             David Desharnais         Brian Flynn              6      1   3  1  

5 vs 5 Defense 
   Defense                  Defense                                           Time % Phy DF OF 
 1 Joni Pitkanen            Kevin Shattenkirk                                 34     0   3  2  
 2 Zach Bogosian            Ryan Suter                                        33     0   3  2  
 3 Brett Pesce              Jeff Petry                                        27     0   3  2  
 4 Brett Pesce              Ryan Suter                                        6      0   4  1  

PowerPlay Forward 
   Center                   Left Wing                Right Wing               Time % Phy DF OF 
 1 Jeff Carter              Nick Bonino              Loui Eriksson            50     0   0  5  
 2 Anze Kopitar             Michael Grabner          Milan Michalek           50     0   0  5  

PowerPlay Defense
   Defense                  Defense                                           Time % Phy DF OF 
 1 Joni Pitkanen            Kevin Shattenkirk                                 50     0   1  4  
 2 Ryan Suter               Zach Bogosian                                     50     0   1  4  

Penalty Kill 4 Players Forward 
   Center                   Wing                     Time % Phy DF OF 
 1 Sean Monahan             Milan Michalek           55     0   4  1  
 2 David Desharnais         Brian Flynn              45     0   4  1  

Penalty Kill 4 Players Defense
   Defense                  Defense                  Time % Phy DF OF 
 1 Joni Pitkanen            Brett Pesce              55     0   5  0  
 2 Ryan Suter               Jeff Petry               45     0   5  0  

Penalty Kill - 3 Players Forward 
   Forward                                           Time % Phy DF OF 
 1 Sean Monahan                                      55     0   5  0  
 2 Nick Bonino                                       45     0   5  0  

Penalty Kill - 3 Players Defense
   Defense                  Defense                  Time % Phy DF OF 
 1 Joni Pitkanen            Ryan Suter               55     0   5  0  
 2 Brett Pesce              Jeff Petry               45     0   5  0  

4 vs 4 Forward 
   Center                   Wing                     Time % Phy DF OF 
 1 Anze Kopitar             Michael Grabner          55     1   2  2  
 2 Sean Monahan             Loui Eriksson            45     1   2  2  

4 vs 4 Defense
   Defense                  Defense                  Time % Phy DF OF 
 1 Joni Pitkanen            Kevin Shattenkirk        55     1   2  2  
 2 Ryan Suter               Zach Bogosian            45     1   2  2  

Last Minutes Offensive
   Center                   Left Wing                Right Wing               Defense                  Defense                  
   Anze Kopitar             Michael Grabner          Loui Eriksson            Joni Pitkanen            Kevin Shattenkirk        

Last Minutes Defensive
   Center                   Left Wing                Right Wing               Defense                  Defense                  
   Jeff Carter              Loui Eriksson            Michael Grabner          Ryan Suter               Joni Pitkanen            

Goaltenders
Starting : Frederik Andersen        
Backup : Al Montoya               

Extra Forwards
Normal : Sean Monahan, Milan Michalek, Michael Grabner - PP : Milan Michalek, David Desharnais - PK : Nick Bonino
Extra Defensemen
Normal : Brett Pesce, Jeff Petry, Ryan Suter - PP : Brett Pesce - PK : Zach Bogosian, Ryan Suter
Penalty Shots
Loui Eriksson, Jeff Carter, Milan Michalek, Michael Grabner, Joni Pitkanen
Custom OT Lines Forwards
Anze Kopitar, Michael Grabner, Jeff Carter, Loui Eriksson, Sean Monahan, Milan Michalek, David Desharnais, Brian Flynn, Alexander Killorn, 
Custom OT Lines Defensemen
Joni Pitkanen, Ryan Suter, Kevin Shattenkirk, Zach Bogosian, Brett Pesce

Scratches
Pavel Datsyuk (Broken Bone (Right Leg) Injury)

Sharks

5 vs 5 Forward 
   Center                   Left Wing                Right Wing               Time % Phy DF OF 
 1 Henrik Zetterberg        Marian Gaborik           James Neal               35     0   0  5  
 2 Brian Boyle              Andrew Ladd              Nathan MacKinnon         32     0   0  5  
 3 Daniel Winnik            Jakob Silfverberg        Michael Frolik           21     1   2  2  
 4 Jean-Gabriel Pageau      Marian Gaborik           Mark Letestu             12     1   2  2  

5 vs 5 Defense 
   Defense                  Defense                                           Time % Phy DF OF 
 1 Rob Scuderi              Nikita Nikitin                                    40     1   2  2  
 2 Seth Jones               Alec Martinez                                     30     1   2  2  
 3 Colton Parayko           Jared Cowen                                       20     1   2  2  
 4 Jared Cowen              Rob Scuderi                                       10     1   2  2  

PowerPlay Forward 
   Center                   Left Wing                Right Wing               Time % Phy DF OF 
 1 Henrik Zetterberg        Marian Gaborik           James Neal               60     1   2  2  
 2 Brian Boyle              Andrew Ladd              Nathan MacKinnon         40     1   2  2  

PowerPlay Defense
   Defense                  Defense                                           Time % Phy DF OF 
 1 Rob Scuderi              Nikita Nikitin                                    60     1   2  2  
 2 Seth Jones               Alec Martinez                                     40     1   2  2  

Penalty Kill 4 Players Forward 
   Center                   Wing                     Time % Phy DF OF 
 1 Marian Gaborik           Henrik Zetterberg        60     1   2  2  
 2 Daniel Winnik            Andrew Ladd              40     1   2  2  

Penalty Kill 4 Players Defense
   Defense                  Defense                  Time % Phy DF OF 
 1 Rob Scuderi              Nikita Nikitin           60     1   2  2  
 2 Seth Jones               Alec Martinez            40     1   2  2  

Penalty Kill - 3 Players Forward 
   Forward                                           Time % Phy DF OF 
 1 Andrew Ladd                                       60     1   2  2  
 2 Henrik Zetterberg                                 40     1   2  2  

Penalty Kill - 3 Players Defense
   Defense                  Defense                  Time % Phy DF OF 
 1 Rob Scuderi              Nikita Nikitin           60     1   2  2  
 2 Seth Jones               Alec Martinez            40     1   2  2  

4 vs 4 Forward 
   Center                   Wing                     Time % Phy DF OF 
 1 Brian Boyle              Henrik Zetterberg        60     1   2  2  
 2 Jean-Gabriel Pageau      Andrew Ladd              40     1   2  2  

4 vs 4 Defense
   Defense                  Defense                  Time % Phy DF OF 
 1 Rob Scuderi              Nikita Nikitin           60     1   2  2  
 2 Seth Jones               Alec Martinez            40     1   2  2  

Last Minutes Offensive
   Center                   Left Wing                Right Wing               Defense                  Defense                  
   Henrik Zetterberg        Marian Gaborik           James Neal               Rob Scuderi              Nikita Nikitin           

Last Minutes Defensive
   Center                   Left Wing                Right Wing               Defense                  Defense                  
   Henrik Zetterberg        Marian Gaborik           James Neal               Rob Scuderi              Nikita Nikitin           

Goaltenders
Starting : Ray Emery                
Backup : Martin Jones             

Extra Forwards
Normal : Daniel Winnik, Jean-Gabriel Pageau, Jakob Silfverberg - PP : Daniel Winnik, Jean-Gabriel Pageau - PK : Jakob Silfverberg
Extra Defensemen
Normal : Colton Parayko, Jared Cowen, Rob Scuderi - PP : Colton Parayko - PK : Jared Cowen, Seth Jones
Penalty Shots
Jakob Silfverberg, Henrik Zetterberg, Marian Gaborik, Andrew Ladd, Brian Boyle
Custom OT Lines Forwards
Marian Gaborik, Henrik Zetterberg, James Neal, Andrew Ladd, Brian Boyle, Nathan MacKinnon, Daniel Winnik, Jean-Gabriel Pageau, Jakob Silfverberg, Michael Frolik
Custom OT Lines Defensemen
Rob Scuderi, Nikita Nikitin, Seth Jones, Alec Martinez, Colton Parayko

Scratches
Oscar Lindberg (Healthy), Ole-Kristian Tollefson (Healthy), Cal Clutterbuck (Healthy)

% Time on Ice - Stars

Lines # - Real PCT - Wanted PCT - Time Play
Normal Forward
1 - 36% - 34% - 17:18
2 - 34% - 33% - 16:21
3 - 28% - 27% - 13:08
4 - 1% - 6% - 0:42
Normal Defense
1 - 37% - 34% - 17:34
2 - 33% - 33% - 15:26
3 - 29% - 27% - 13:51
4 - 1% - 6% - 0:38
PP Forward
1 - 38% - 50% - 2:54
2 - 62% - 50% - 4:47
PP Defense
1 - 38% - 50% - 2:54
2 - 62% - 50% - 4:47
PK Forward
1 - 64% - 55% - 3:07
2 - 36% - 45% - 1:43
PK Defense
1 - 47% - 55% - 2:16
2 - 53% - 45% - 2:34
PK3 Forward
1 - 0% - 55%
2 - 0% - 45%
PK3 Defense
1 - 0% - 55%
2 - 0% - 45%
44 Forward
1 - 0% - 55%
2 - 0% - 45%
44 Defense
1 - 0% - 55%
2 - 0% - 45%
Last Minute Offensive  - 0:00
Last Minute Defensive  - 0:00
Total
Forward - 60:00
Defense - 60:00

% Time on Ice - Sharks

Lines # - Real PCT - Wanted PCT - Time Play
Normal Forward
1 - 30% - 35% - 14:14
2 - 34% - 32% - 16:20
3 - 29% - 21% - 13:46
4 - 7% - 12% - 3:09
Normal Defense
1 - 37% - 40% - 17:33
2 - 33% - 30% - 15:31
3 - 29% - 20% - 13:32
4 - 2% - 10% - 0:53
PP Forward
1 - 51% - 60% - 2:29
2 - 49% - 40% - 2:21
PP Defense
1 - 54% - 60% - 2:36
2 - 46% - 40% - 2:14
PK Forward
1 - 66% - 60% - 5:04
2 - 34% - 40% - 2:37
PK Defense
1 - 54% - 60% - 4:10
2 - 46% - 40% - 3:31
PK3 Forward
1 - 0% - 60%
2 - 0% - 40%
PK3 Defense
1 - 0% - 60%
2 - 0% - 40%
44 Forward
1 - 0% - 60%
2 - 0% - 40%
44 Defense
1 - 0% - 60%
2 - 0% - 40%
Last Minute Offensive  - 0:00
Last Minute Defensive  - 0:00
Total
Forward - 60:00
Defense - 60:00

Play by Play

1st period


0:01 of 1st period - Nick Bonino wins face-off versus Henrik Zetterberg in neutral zone.
0:09 of 1st period - Minor Penalty to James Neal for Interference.
0:10 of 1st period - Marian Gaborik wins face-off versus Anze Kopitar in Sharks zone.
1:37 of 1st period - Shot by Kevin Shattenkirk.
1:37 of 1st period - Shot Misses the Net.
1:39 of 1st period - Shot by Kevin Shattenkirk.
1:39 of 1st period - Stopped by Ray Emery without a rebound.
1:40 of 1st period - Anze Kopitar wins face-off versus Marian Gaborik in Sharks zone.
2:14 of 1st period - Brian Boyle is hit by Alexander Killorn and loses puck.
2:19 of 1st period - Shot by Colton Parayko.
2:19 of 1st period - Stopped by Frederik Andersen without a rebound.
2:20 of 1st period - Jeff Carter wins face-off versus Michael Frolik in Stars zone.
2:39 of 1st period - Shot by Jeff Carter.
2:39 of 1st period - Stopped by Ray Emery without a rebound.
2:40 of 1st period - Brian Boyle wins face-off versus Sean Monahan in Sharks zone.
2:40 of 1st period - Brian Boyle is hit by Alexander Killorn.
2:45 of 1st period - Minor Penalty to Jeff Petry for Holding.
2:46 of 1st period - Sean Monahan wins face-off versus Brian Boyle in Stars zone.
3:32 of 1st period - Off-side.
3:33 of 1st period - Henrik Zetterberg wins face-off versus Brian Flynn in neutral zone.
3:56 of 1st period - Shot by Sean Monahan.
3:56 of 1st period - Shot Blocked by James Neal.
4:44 of 1st period - Shot by Andrew Ladd.
4:44 of 1st period - Shot Misses the Net.
4:46 of 1st period - Shot by Jakob Silfverberg.
4:46 of 1st period - Shot Misses the Net.
4:48 of 1st period - Shot by Jakob Silfverberg.
4:48 of 1st period - Stopped by Frederik Andersen without a rebound.
4:49 of 1st period - Jeff Carter wins face-off versus Daniel Winnik in Stars zone.
5:08 of 1st period - Shot by Jeff Carter.
5:08 of 1st period - Shot Blocked by Colton Parayko.
6:46 of 1st period - David Desharnais is hit by James Neal and loses puck.
7:09 of 1st period - Shot by David Desharnais.
7:09 of 1st period - Shot Blocked by Henrik Zetterberg.
7:14 of 1st period - Henrik Zetterberg is hit by Jeff Petry and loses puck.
7:42 of 1st period - Icing by Kevin Shattenkirk.
7:43 of 1st period - Jeff Carter wins face-off versus Andrew Ladd in Stars zone.
7:43 of 1st period - Jeff Carter is hit by Andrew Ladd.
7:48 of 1st period - Loui Eriksson is hit by Brian Boyle and loses puck.
7:54 of 1st period - Icing by Joni Pitkanen.
7:55 of 1st period - Jeff Carter wins face-off versus Daniel Winnik in Stars zone.
7:55 of 1st period - Nick Bonino is hit by Daniel Winnik and loses puck.
8:10 of 1st period - Nick Bonino is hit by Michael Frolik and loses puck.
8:31 of 1st period - Shot by Daniel Winnik.
8:31 of 1st period - Stopped by Frederik Andersen without a rebound.
8:32 of 1st period - James Neal wins face-off versus Anze Kopitar in Stars zone.
8:32 of 1st period - Nikita Nikitin is hit by Zach Bogosian and loses puck.
8:47 of 1st period - Shot by Anze Kopitar.
8:47 of 1st period - Stopped by Ray Emery without a rebound.
8:48 of 1st period - Sean Monahan wins face-off versus Brian Boyle in Sharks zone.
8:49 of 1st period - Shot by David Desharnais.
8:49 of 1st period - Stopped by Ray Emery without a rebound.
8:50 of 1st period - Marian Gaborik wins face-off versus Anze Kopitar in Sharks zone.
8:59 of 1st period - Shot by Milan Michalek.
8:59 of 1st period - Shot Misses the Net.
9:01 of 1st period - Shot by Michael Grabner.
9:01 of 1st period - Shot Misses the Net.
9:03 of 1st period - Shot by Zach Bogosian.
9:03 of 1st period - Stopped by Ray Emery with a rebound.
9:18 of 1st period - Shot by Michael Grabner.
9:18 of 1st period - Shot Misses the Net.
10:03 of 1st period - Alexander Killorn is hit by James Neal.
10:12 of 1st period - Off-side.
10:13 of 1st period - Brian Boyle wins face-off versus Jeff Carter in neutral zone.
10:16 of 1st period - Jeff Carter is hit by Andrew Ladd and loses puck.
10:21 of 1st period - Shot by Alec Martinez.
10:21 of 1st period - Stopped by Frederik Andersen without a rebound.
10:22 of 1st period - Jeff Carter wins face-off versus Brian Boyle in Stars zone.
10:27 of 1st period - Andrew Ladd is hit by Nick Bonino and loses puck.
10:34 of 1st period - Shot by Joni Pitkanen.
10:34 of 1st period - Shot Blocked by Alec Martinez.
10:36 of 1st period - Shot by Jeff Carter.
10:36 of 1st period - Stopped by Ray Emery without a rebound.
10:37 of 1st period - Daniel Winnik wins face-off versus Anze Kopitar in Sharks zone.
10:37 of 1st period - Daniel Winnik is hit by Zach Bogosian.
11:07 of 1st period - Shot by Daniel Winnik.
11:07 of 1st period - Stopped by Frederik Andersen without a rebound.
11:08 of 1st period - Sean Monahan wins face-off versus Andrew Ladd in Stars zone.
11:08 of 1st period - Sean Monahan is hit by Andrew Ladd.
11:23 of 1st period - Sean Monahan is hit by Alec Martinez.
11:25 of 1st period - Shot by Brett Pesce.
11:25 of 1st period - Shot Blocked by Alec Martinez.
11:27 of 1st period - Shot by Sean Monahan.
11:27 of 1st period - Shot Misses the Net.
11:31 of 1st period - Shot by Jeff Petry.
11:31 of 1st period - Stopped by Ray Emery with a rebound.
11:51 of 1st period - Shot by David Desharnais.
11:51 of 1st period - Shot Misses the Net.
12:44 of 1st period - Anze Kopitar is hit by Jean-Gabriel Pageau and loses puck.
12:56 of 1st period - Icing by Nikita Nikitin.
12:57 of 1st period - Jean-Gabriel Pageau wins face-off versus Jeff Carter in Sharks zone.
13:32 of 1st period - Shot by Loui Eriksson.
13:32 of 1st period - Deflect By Jeff Carter.
13:32 of 1st period - Shot Misses the Net.
13:43 of 1st period - Icing by Daniel Winnik.
13:44 of 1st period - Daniel Winnik wins face-off versus Alexander Killorn in Sharks zone.
13:59 of 1st period - Shot by Alexander Killorn.
13:59 of 1st period - Stopped by Ray Emery without a rebound.
14:00 of 1st period - Brian Boyle wins face-off versus Anze Kopitar in Sharks zone.
14:08 of 1st period - Andrew Ladd is hit by Zach Bogosian and loses puck.
14:32 of 1st period - Shot by Anze Kopitar.
14:32 of 1st period - Stopped by Ray Emery with a rebound.
14:44 of 1st period - Shot by Andrew Ladd.
14:44 of 1st period - Goal by Andrew Ladd - Stars : 0 - Sharks : 1.
14:45 of 1st period - Henrik Zetterberg wins face-off versus Sean Monahan in neutral zone.
15:08 of 1st period - Shot by James Neal.
15:08 of 1st period - Stopped by Frederik Andersen without a rebound.
15:09 of 1st period - Jeff Carter wins face-off versus Daniel Winnik in Stars zone.
15:19 of 1st period - Jeff Carter is hit by Colton Parayko and loses puck.
15:44 of 1st period - Shot by Loui Eriksson.
15:44 of 1st period - Shot Misses the Net.
15:46 of 1st period - Shot by Brett Pesce.
15:46 of 1st period - Shot Misses the Net.
16:25 of 1st period - David Desharnais is hit by Rob Scuderi and loses puck.
17:10 of 1st period - Shot by Nathan MacKinnon.
17:10 of 1st period - Goal by Nathan MacKinnon - Stars : 0 - Sharks : 2.
17:11 of 1st period - Brian Boyle wins face-off versus Anze Kopitar in neutral zone.
17:14 of 1st period - Shot by Nathan MacKinnon.
17:14 of 1st period - Stopped by Frederik Andersen with a rebound.
17:30 of 1st period - Nathan MacKinnon is hit by Zach Bogosian and loses puck.
18:09 of 1st period - Andrew Ladd is hit by Jeff Carter and loses puck.
18:27 of 1st period - Shot by Nick Bonino.
18:27 of 1st period - Shot Blocked by Andrew Ladd.
18:29 of 1st period - Shot by Loui Eriksson.
18:29 of 1st period - Shot Misses the Net.
18:31 of 1st period - Shot by Jeff Petry.
18:31 of 1st period - Stopped by Ray Emery with a rebound.
18:33 of 1st period - Shot by Jeff Carter.
18:33 of 1st period - Shot Misses the Net.
18:54 of 1st period - Icing by Alec Martinez.
18:55 of 1st period - Sean Monahan wins face-off versus Nathan MacKinnon in Sharks zone.
19:02 of 1st period - Shot by Sean Monahan.
19:02 of 1st period - Stopped by Ray Emery without a rebound.
19:03 of 1st period - Henrik Zetterberg wins face-off versus Sean Monahan in Sharks zone.
19:11 of 1st period - Shot by James Neal.
19:11 of 1st period - Shot Misses the Net.
19:13 of 1st period - Shot by Marian Gaborik.
19:13 of 1st period - Stopped by Frederik Andersen with a rebound.
Goals for this period are 0 for Stars vs 2 for Sharks.
Shots for this period are 11 for Stars vs 10 for Sharks.

2nd period


0:01 of 2nd period - Henrik Zetterberg wins face-off versus Anze Kopitar in neutral zone.
0:01 of 2nd period - Henrik Zetterberg is hit by Anze Kopitar.
0:06 of 2nd period - Double Minor Penalty to James Neal for High sticking.
0:07 of 2nd period - Jeff Carter wins face-off versus Marian Gaborik in Sharks zone.
0:08 of 2nd period - Shot by Kevin Shattenkirk.
0:08 of 2nd period - Stopped by Ray Emery with a rebound.
0:10 of 2nd period - Shot by Joni Pitkanen.
0:10 of 2nd period - Stopped by Ray Emery with a rebound.
0:12 of 2nd period - Shot by Joni Pitkanen.
0:12 of 2nd period - Shot Blocked by Marian Gaborik.
0:14 of 2nd period - Shot by Kevin Shattenkirk.
0:14 of 2nd period - Stopped by Ray Emery with a rebound.
0:26 of 2nd period - Shot by Loui Eriksson.
0:26 of 2nd period - Stopped by Ray Emery with a rebound.
0:28 of 2nd period - Shot by Joni Pitkanen.
0:28 of 2nd period - Stopped by Ray Emery without a rebound.
0:29 of 2nd period - Marian Gaborik wins face-off versus Anze Kopitar in Sharks zone.
0:38 of 2nd period - Marian Gaborik is hit by Anze Kopitar and loses puck.
1:38 of 2nd period - Icing by Joni Pitkanen.
1:39 of 2nd period - Daniel Winnik wins face-off versus Jeff Carter in Stars zone.
2:47 of 2nd period - Shot by Michael Grabner.
2:47 of 2nd period - Shot Blocked by Rob Scuderi.
2:53 of 2nd period - Shot by Ryan Suter.
2:53 of 2nd period - Deflect By Anze Kopitar.
2:53 of 2nd period - Goal by Anze Kopitar - Stars : 1 - Sharks : 2.
2:54 of 2nd period - Brian Boyle wins face-off versus Sean Monahan in neutral zone.
2:59 of 2nd period - Shot by Andrew Ladd.
2:59 of 2nd period - Deflect By Brian Boyle.
2:59 of 2nd period - Shot Misses the Net.
3:02 of 2nd period - Icing by Jeff Petry.
3:03 of 2nd period - Daniel Winnik wins face-off versus Sean Monahan in Stars zone.
3:24 of 2nd period - Shot by Brian Flynn.
3:24 of 2nd period - Stopped by Ray Emery without a rebound.
3:25 of 2nd period - Anze Kopitar wins face-off versus Brian Boyle in Sharks zone.
3:25 of 2nd period - Anze Kopitar is hit by Rob Scuderi.
3:30 of 2nd period - Icing by Nikita Nikitin.
3:31 of 2nd period - Anze Kopitar wins face-off versus Brian Boyle in Sharks zone.
4:11 of 2nd period - Shot by Anze Kopitar.
4:11 of 2nd period - Stopped by Ray Emery without a rebound.
4:12 of 2nd period - Henrik Zetterberg wins face-off versus Jeff Carter in Sharks zone.
4:36 of 2nd period - Shot by Kevin Shattenkirk.
4:36 of 2nd period - Shot Misses the Net.
4:38 of 2nd period - Shot by Kevin Shattenkirk.
4:38 of 2nd period - Goal by Kevin Shattenkirk - Stars : 2 - Sharks : 2.
4:39 of 2nd period - Sean Monahan wins face-off versus Daniel Winnik in neutral zone.
4:49 of 2nd period - Shot by Alexander Killorn.
4:49 of 2nd period - Shot Misses the Net.
4:51 of 2nd period - Shot by David Desharnais.
4:51 of 2nd period - Shot Misses the Net.
4:53 of 2nd period - Shot by Alexander Killorn.
4:53 of 2nd period - Deflect By David Desharnais.
4:53 of 2nd period - Stopped by Ray Emery with a rebound.
5:11 of 2nd period - Shot by Alexander Killorn.
5:11 of 2nd period - Deflect By Sean Monahan.
5:11 of 2nd period - Stopped by Ray Emery without a rebound.
5:12 of 2nd period - Henrik Zetterberg wins face-off versus Jeff Carter in Sharks zone.
5:24 of 2nd period - Icing by Loui Eriksson.
5:25 of 2nd period - Jeff Carter wins face-off versus Brian Boyle in Stars zone.
8:26 of 2nd period - Brett Pesce is hit by Daniel Winnik and loses puck.
8:47 of 2nd period - Shot by Brian Boyle.
8:47 of 2nd period - Shot Misses the Net.
8:49 of 2nd period - Shot by Brian Boyle.
8:49 of 2nd period - Shot Misses the Net.
8:55 of 2nd period - Shot by Andrew Ladd.
8:55 of 2nd period - Stopped by Frederik Andersen without a rebound.
8:56 of 2nd period - Brian Boyle wins face-off versus Milan Michalek in Stars zone.
9:07 of 2nd period - Shot by Nathan MacKinnon.
9:07 of 2nd period - Shot Blocked by Ryan Suter.
9:55 of 2nd period - Shot by Loui Eriksson.
9:55 of 2nd period - Stopped by Ray Emery without a rebound.
9:56 of 2nd period - Jean-Gabriel Pageau wins face-off versus Jeff Carter in Sharks zone.
9:56 of 2nd period - Nikita Nikitin is hit by Joni Pitkanen and loses puck.
10:10 of 2nd period - Minor Penalty to Joni Pitkanen for Tripping.
10:11 of 2nd period - Sean Monahan wins face-off versus Henrik Zetterberg in Stars zone.
10:31 of 2nd period - Shot by Henrik Zetterberg.
10:31 of 2nd period - Stopped by Frederik Andersen without a rebound.
10:32 of 2nd period - David Desharnais wins face-off versus Brian Boyle in Stars zone.
10:45 of 2nd period - David Desharnais is hit by Brian Boyle and loses puck.
11:02 of 2nd period - Shot by Nathan MacKinnon.
11:02 of 2nd period - Goal by Nathan MacKinnon - Stars : 2 - Sharks : 3.
11:03 of 2nd period - Jeff Carter wins face-off versus Daniel Winnik in neutral zone.
11:18 of 2nd period - Shot by Daniel Winnik.
11:18 of 2nd period - Stopped by Frederik Andersen without a rebound.
11:19 of 2nd period - Henrik Zetterberg wins face-off versus Anze Kopitar in Stars zone.
11:58 of 2nd period - Shot by Michael Grabner.
11:58 of 2nd period - Shot Blocked by Colton Parayko.
12:29 of 2nd period - Icing by Jeff Petry.
12:30 of 2nd period - Daniel Winnik wins face-off versus Anze Kopitar in Stars zone.
12:37 of 2nd period - Icing by Jeff Petry.
12:38 of 2nd period - Brian Boyle wins face-off versus Anze Kopitar in Stars zone.
12:48 of 2nd period - Icing by Brett Pesce.
12:49 of 2nd period - Anze Kopitar wins face-off versus Daniel Winnik in Stars zone.
13:34 of 2nd period - Shot by Michael Frolik.
13:34 of 2nd period - Stopped by Frederik Andersen without a rebound.
13:35 of 2nd period - Nick Bonino wins face-off versus Henrik Zetterberg in Stars zone.
13:42 of 2nd period - Shot by Henrik Zetterberg.
13:42 of 2nd period - Stopped by Frederik Andersen without a rebound.
13:43 of 2nd period - Jeff Carter wins face-off versus Henrik Zetterberg in Stars zone.
13:43 of 2nd period - Jeff Carter is hit by James Neal.
14:04 of 2nd period - Shot by Marian Gaborik.
14:04 of 2nd period - Stopped by Frederik Andersen without a rebound.
14:05 of 2nd period - Brian Boyle wins face-off versus Sean Monahan in Stars zone.
14:05 of 2nd period - Brian Boyle is hit by Zach Bogosian.
14:07 of 2nd period - Shot by Nathan MacKinnon.
14:07 of 2nd period - Shot Misses the Net.
14:32 of 2nd period - Shot by Andrew Ladd.
14:32 of 2nd period - Shot Blocked by Ryan Suter.
15:00 of 2nd period - Shot by James Neal.
15:00 of 2nd period - Stopped by Frederik Andersen without a rebound.
15:01 of 2nd period - Henrik Zetterberg wins face-off versus Jeff Carter in Stars zone.
15:15 of 2nd period - Nikita Nikitin is hit by Joni Pitkanen and loses puck.
15:36 of 2nd period - Shot by Loui Eriksson.
15:36 of 2nd period - Shot Misses the Net.
16:30 of 2nd period - Icing by Daniel Winnik.
16:31 of 2nd period - Anze Kopitar wins face-off versus Daniel Winnik in Sharks zone.
16:33 of 2nd period - Michael Grabner is hit by Colton Parayko and loses puck.
17:05 of 2nd period - Shot by Brian Boyle.
17:05 of 2nd period - Deflect By Andrew Ladd.
17:05 of 2nd period - Stopped by Frederik Andersen with a rebound.
17:17 of 2nd period - Shot by Brian Boyle.
17:17 of 2nd period - Shot Misses the Net.
17:59 of 2nd period - Shot by Marian Gaborik.
17:59 of 2nd period - Shot Blocked by Jeff Petry.
18:16 of 2nd period - Icing by David Desharnais.
18:17 of 2nd period - Daniel Winnik wins face-off versus Sean Monahan in Stars zone.
18:37 of 2nd period - Michael Frolik is hit by Jeff Petry.
18:42 of 2nd period - Daniel Winnik is hit by Jeff Petry and loses puck.
18:59 of 2nd period - Shot by Loui Eriksson.
18:59 of 2nd period - Stopped by Ray Emery without a rebound.
19:00 of 2nd period - Henrik Zetterberg wins face-off versus Jeff Carter in Sharks zone.
19:06 of 2nd period - Icing by Rob Scuderi.
19:07 of 2nd period - Henrik Zetterberg wins face-off versus Jeff Carter in Sharks zone.
19:22 of 2nd period - Shot by Jeff Carter.
19:22 of 2nd period - Stopped by Ray Emery without a rebound.
19:23 of 2nd period - Brian Boyle wins face-off versus Anze Kopitar in Sharks zone.
19:23 of 2nd period - Brian Boyle is hit by Zach Bogosian.
19:24 of 2nd period - Minor Penalty to Zach Bogosian for Hooking.
19:25 of 2nd period - Henrik Zetterberg wins face-off versus Sean Monahan in Stars zone.
19:38 of 2nd period - Shot by James Neal.
19:38 of 2nd period - Shot Blocked by Joni Pitkanen.
19:40 of 2nd period - Shot by Henrik Zetterberg.
19:40 of 2nd period - Stopped by Frederik Andersen without a rebound.
19:41 of 2nd period - Brian Boyle wins face-off versus Milan Michalek in Stars zone.
19:50 of 2nd period - Shot by Brian Boyle.
19:50 of 2nd period - Deflect By Nathan MacKinnon.
19:50 of 2nd period - Stopped by Frederik Andersen without a rebound.
19:51 of 2nd period - Marian Gaborik wins face-off versus Sean Monahan in Stars zone.
Goals for this period are 2 for Stars vs 1 for Sharks.
Shots for this period are 14 for Stars vs 11 for Sharks.

3rd period


0:01 of 3rd period - Sean Monahan wins face-off versus Henrik Zetterberg in neutral zone.
0:14 of 3rd period - Shot by Marian Gaborik.
0:14 of 3rd period - Shot Misses the Net.
0:24 of 3rd period - Shot by Marian Gaborik.
0:24 of 3rd period - Deflect By James Neal.
0:24 of 3rd period - Shot Misses the Net.
0:41 of 3rd period - Off-side.
0:42 of 3rd period - Brian Boyle wins face-off versus David Desharnais in neutral zone.
0:51 of 3rd period - Shot by Andrew Ladd.
0:51 of 3rd period - Shot Misses the Net.
0:53 of 3rd period - Shot by Nathan MacKinnon.
0:53 of 3rd period - Stopped by Frederik Andersen without a rebound.
0:54 of 3rd period - Sean Monahan wins face-off versus Brian Boyle in Stars zone.
0:54 of 3rd period - Sean Monahan is hit by Brian Boyle.
1:14 of 3rd period - Shot by Brian Boyle.
1:14 of 3rd period - Shot Blocked by David Desharnais.
1:16 of 3rd period - Shot by Alec Martinez.
1:16 of 3rd period - Shot Misses the Net.
1:18 of 3rd period - Shot by Brian Boyle.
1:18 of 3rd period - Stopped by Frederik Andersen without a rebound.
1:19 of 3rd period - Henrik Zetterberg wins face-off versus Sean Monahan in Stars zone.
1:19 of 3rd period - Henrik Zetterberg is hit by Jeff Petry.
2:12 of 3rd period - Icing by Nick Bonino.
2:13 of 3rd period - Jeff Carter wins face-off versus Henrik Zetterberg in Stars zone.
2:13 of 3rd period - Jeff Carter is hit by James Neal.
2:24 of 3rd period - Icing by Seth Jones.
2:25 of 3rd period - Anze Kopitar wins face-off versus Henrik Zetterberg in Sharks zone.
2:28 of 3rd period - Shot by Anze Kopitar.
2:28 of 3rd period - Shot Misses the Net.
2:41 of 3rd period - Anze Kopitar is hit by Alec Martinez and loses puck.
2:59 of 3rd period - Icing by Alec Martinez.
3:00 of 3rd period - Sean Monahan wins face-off versus Henrik Zetterberg in Sharks zone.
3:13 of 3rd period - Shot by David Desharnais.
3:13 of 3rd period - Stopped by Ray Emery without a rebound.
3:14 of 3rd period - Jeff Carter wins face-off versus Brian Boyle in Sharks zone.
3:31 of 3rd period - Shot by Nathan MacKinnon.
3:31 of 3rd period - Stopped by Frederik Andersen with a rebound.
4:31 of 3rd period - Shot by Anze Kopitar.
4:31 of 3rd period - Shot Misses the Net.
4:33 of 3rd period - Shot by Michael Grabner.
4:33 of 3rd period - Stopped by Ray Emery without a rebound.
4:34 of 3rd period - Sean Monahan wins face-off versus Henrik Zetterberg in Sharks zone.
5:39 of 3rd period - Icing by Seth Jones.
5:40 of 3rd period - Marian Gaborik wins face-off versus Jeff Carter in Sharks zone.
5:52 of 3rd period - Shot by Loui Eriksson.
5:52 of 3rd period - Deflect By Jeff Carter.
5:52 of 3rd period - Shot Misses the Net.
5:56 of 3rd period - Shot by Loui Eriksson.
5:56 of 3rd period - Stopped by Ray Emery without a rebound.
5:57 of 3rd period - Anze Kopitar wins face-off versus Brian Boyle in Sharks zone.
6:14 of 3rd period - Shot by Anze Kopitar.
6:14 of 3rd period - Stopped by Ray Emery with a rebound.
6:16 of 3rd period - Shot by Michael Grabner.
6:16 of 3rd period - Shot Blocked by Nikita Nikitin.
6:18 of 3rd period - Shot by Anze Kopitar.
6:18 of 3rd period - Shot Misses the Net.
6:39 of 3rd period - Milan Michalek is hit by Rob Scuderi and loses puck.
6:53 of 3rd period - Nikita Nikitin is hit by Joni Pitkanen and loses puck.
7:04 of 3rd period - Shot by Loui Eriksson.
7:04 of 3rd period - Stopped by Ray Emery with a rebound.
7:06 of 3rd period - Shot by Joni Pitkanen.
7:06 of 3rd period - Stopped by Ray Emery with a rebound.
7:08 of 3rd period - Shot by Nick Bonino.
7:08 of 3rd period - Deflect By Loui Eriksson.
7:08 of 3rd period - Shot Blocked by Andrew Ladd.
7:15 of 3rd period - Nick Bonino is hit by Rob Scuderi and loses puck.
7:44 of 3rd period - Off-side.
7:45 of 3rd period - David Desharnais wins face-off versus Daniel Winnik in neutral zone.
7:59 of 3rd period - Shot by Sean Monahan.
7:59 of 3rd period - Stopped by Ray Emery without a rebound.
8:00 of 3rd period - Jean-Gabriel Pageau wins face-off versus Anze Kopitar in Sharks zone.
8:31 of 3rd period - Shot by Marian Gaborik.
8:31 of 3rd period - Shot Misses the Net.
8:33 of 3rd period - Shot by Jean-Gabriel Pageau.
8:33 of 3rd period - Stopped by Frederik Andersen without a rebound.
8:34 of 3rd period - Jeff Carter wins face-off versus Daniel Winnik in Stars zone.
9:11 of 3rd period - Shot by Jeff Carter.
9:11 of 3rd period - Stopped by Ray Emery with a rebound.
10:16 of 3rd period - Shot by Marian Gaborik.
10:16 of 3rd period - Deflect By Henrik Zetterberg.
10:16 of 3rd period - Shot Misses the Net.
10:18 of 3rd period - Shot by Marian Gaborik.
10:18 of 3rd period - Stopped by Frederik Andersen without a rebound.
10:19 of 3rd period - Sean Monahan wins face-off versus Brian Boyle in Stars zone.
10:19 of 3rd period - Sean Monahan is hit by Andrew Ladd.
10:24 of 3rd period - Minor Penalty to Andrew Ladd for Slashing.
10:25 of 3rd period - Anze Kopitar wins face-off versus Marian Gaborik in Sharks zone.
10:34 of 3rd period - Shot by Anze Kopitar.
10:34 of 3rd period - Shot Misses the Net.
10:36 of 3rd period - Shot by Ryan Suter.
10:36 of 3rd period - Shot Misses the Net.
10:38 of 3rd period - Shot by Milan Michalek.
10:38 of 3rd period - Stopped by Ray Emery without a rebound.
10:39 of 3rd period - Anze Kopitar wins face-off versus Marian Gaborik in Sharks zone.
11:10 of 3rd period - Shot by Milan Michalek.
11:10 of 3rd period - Stopped by Ray Emery without a rebound.
11:11 of 3rd period - Anze Kopitar wins face-off versus Jakob Silfverberg in Sharks zone.
11:14 of 3rd period - Shot by Zach Bogosian.
11:14 of 3rd period - Shot Misses the Net.
11:16 of 3rd period - Shot by Ryan Suter.
11:16 of 3rd period - Shot Misses the Net.
11:18 of 3rd period - Shot by Zach Bogosian.
11:18 of 3rd period - Shot Blocked by Nikita Nikitin.
11:20 of 3rd period - Shot by Michael Grabner.
11:20 of 3rd period - Goal by Michael Grabner - Stars : 3 - Sharks : 3.
11:21 of 3rd period - Brian Boyle wins face-off versus Sean Monahan in neutral zone.
11:57 of 3rd period - Shot by Nathan MacKinnon.
11:57 of 3rd period - Stopped by Frederik Andersen without a rebound.
11:58 of 3rd period - Anze Kopitar wins face-off versus Daniel Winnik in Stars zone.
12:11 of 3rd period - Shot by Michael Grabner.
12:11 of 3rd period - Stopped by Ray Emery without a rebound.
12:12 of 3rd period - Henrik Zetterberg wins face-off versus Jeff Carter in Sharks zone.
12:12 of 3rd period - Marian Gaborik is hit by Joni Pitkanen and loses puck.
12:22 of 3rd period - Minor Penalty to James Neal for Tripping.
12:23 of 3rd period - Marian Gaborik wins face-off versus Anze Kopitar in Sharks zone.
15:09 of 3rd period - Icing by Jeff Petry.
15:10 of 3rd period - Sean Monahan wins face-off versus Daniel Winnik in Stars zone.
17:02 of 3rd period - Shot by Marian Gaborik.
17:02 of 3rd period - Deflect By Henrik Zetterberg.
17:02 of 3rd period - Stopped by Frederik Andersen without a rebound.
17:03 of 3rd period - Sean Monahan wins face-off versus Brian Boyle in Stars zone.
17:10 of 3rd period - Shot by Jeff Petry.
17:10 of 3rd period - Stopped by Ray Emery without a rebound.
17:11 of 3rd period - Brian Boyle wins face-off versus Sean Monahan in Sharks zone.
17:45 of 3rd period - Icing by Nathan MacKinnon.
17:46 of 3rd period - Anze Kopitar wins face-off versus Brian Boyle in Sharks zone.
18:23 of 3rd period - Shot by Milan Michalek.
18:23 of 3rd period - Stopped by Ray Emery without a rebound.
18:24 of 3rd period - Jeff Carter wins face-off versus Jean-Gabriel Pageau in Sharks zone.
19:32 of 3rd period - Icing by Rob Scuderi.
19:33 of 3rd period - Marian Gaborik wins face-off versus Anze Kopitar in Sharks zone.
Goals for this period are 1 for Stars vs 0 for Sharks.
Shots for this period are 14 for Stars vs 7 for Sharks.

Overtime #1


0:01 of 1st overtime period - Henrik Zetterberg wins face-off versus Jeff Carter in neutral zone.
0:12 of 1st overtime period - Shot by Marian Gaborik.
0:12 of 1st overtime period - Stopped by Frederik Andersen without a rebound.
0:13 of 1st overtime period - Jeff Carter wins face-off versus Marian Gaborik in Stars zone.
0:22 of 1st overtime period - Shot by Michael Grabner.
0:22 of 1st overtime period - Deflect By Jeff Carter.
0:22 of 1st overtime period - Shot Blocked by Nikita Nikitin.
0:24 of 1st overtime period - Shot by Jeff Carter.
0:24 of 1st overtime period - Shot Misses the Net.
0:26 of 1st overtime period - Shot by Michael Grabner.
0:26 of 1st overtime period - Shot Misses the Net.
0:28 of 1st overtime period - Shot by Joni Pitkanen.
0:28 of 1st overtime period - Stopped by Ray Emery without a rebound.
0:29 of 1st overtime period - Henrik Zetterberg wins face-off versus Anze Kopitar in Sharks zone.
0:33 of 1st overtime period - Off-side.
0:34 of 1st overtime period - Henrik Zetterberg wins face-off versus Jeff Carter in neutral zone.
0:49 of 1st overtime period - Shot by Anze Kopitar.
0:49 of 1st overtime period - Stopped by Ray Emery without a rebound.
0:50 of 1st overtime period - Marian Gaborik wins face-off versus Jeff Carter in Sharks zone.
1:48 of 1st overtime period - Shot by Henrik Zetterberg.
1:48 of 1st overtime period - Shot Misses the Net.
1:52 of 1st overtime period - Shot by Andrew Ladd.
1:52 of 1st overtime period - Shot Misses the Net.
1:58 of 1st overtime period - Shot by Henrik Zetterberg.
1:58 of 1st overtime period - Shot Misses the Net.
2:00 of 1st overtime period - Shot by Nikita Nikitin.
2:00 of 1st overtime period - Shot Misses the Net.
2:19 of 1st overtime period - Shot by Henrik Zetterberg.
2:19 of 1st overtime period - Stopped by Frederik Andersen without a rebound.
2:20 of 1st overtime period - Brian Boyle wins face-off versus Anze Kopitar in Stars zone.
2:25 of 1st overtime period - Shot by Brian Boyle.
2:25 of 1st overtime period - Shot Misses the Net.
2:35 of 1st overtime period - Shot by Brian Boyle.
2:35 of 1st overtime period - Deflect By Nathan MacKinnon.
2:35 of 1st overtime period - Stopped by Frederik Andersen without a rebound.
2:36 of 1st overtime period - Henrik Zetterberg wins face-off versus Sean Monahan in Stars zone.
2:56 of 1st overtime period - Shot by Sean Monahan.
2:56 of 1st overtime period - Shot Misses the Net.
3:32 of 1st overtime period - Shot by Marian Gaborik.
3:32 of 1st overtime period - Shot Misses the Net.
3:44 of 1st overtime period - Shot by Milan Michalek.
3:44 of 1st overtime period - Shot Misses the Net.
3:46 of 1st overtime period - Shot by Milan Michalek.
3:46 of 1st overtime period - Deflect By Loui Eriksson.
3:46 of 1st overtime period - Stopped by Ray Emery without a rebound.
3:47 of 1st overtime period - Brian Boyle wins face-off versus Loui Eriksson in Sharks zone.
4:08 of 1st overtime period - Shot by James Neal.
4:08 of 1st overtime period - Shot Misses the Net.
4:10 of 1st overtime period - Shot by Rob Scuderi.
4:10 of 1st overtime period - Stopped by Frederik Andersen without a rebound.
4:11 of 1st overtime period - Henrik Zetterberg wins face-off versus Jeff Carter in Stars zone.
4:20 of 1st overtime period - Shot by Marian Gaborik.
4:20 of 1st overtime period - Shot Misses the Net.
Goals for this period are 0 for Stars vs 0 for Sharks.
Shots for this period are 3 for Stars vs 4 for Sharks.

ShootOut


5:00 of 1st overtime period - Penalty Shot by Loui Eriksson for Stars.
5:00 of 1st overtime period - Stopped by Ray Emery.
5:00 of 1st overtime period - Penalty Shot by Jakob Silfverberg for Sharks.
5:00 of 1st overtime period - Goal by Jakob Silfverberg.
5:00 of 1st overtime period - Penalty Shot by Jeff Carter for Stars.
5:00 of 1st overtime period - Goal by Jeff Carter.
5:00 of 1st overtime period - Penalty Shot by Henrik Zetterberg for Sharks.
5:00 of 1st overtime period - Stopped by Frederik Andersen.
5:00 of 1st overtime period - Penalty Shot by Milan Michalek for Stars.
5:00 of 1st overtime period - Shot Misses the Net.
5:00 of 1st overtime period - Penalty Shot by Marian Gaborik for Sharks.
5:00 of 1st overtime period - Stopped by Frederik Andersen.
5:00 of 1st overtime period - Penalty Shot by Michael Grabner for Stars.
5:00 of 1st overtime period - Goal by Michael Grabner.
5:00 of 1st overtime period - Penalty Shot by Andrew Ladd for Sharks.
5:00 of 1st overtime period - Shot Misses the Net.